 Seeded DCSS version 0.31-a0-1074-g0b22e4e0f1 (webtiles) character file.

Game seed: 16630335833703923360 (custom seed)

25646 timneilson the Fighter (level 13, -1/84 HPs)
             Began as a Gargoyle Fighter on Dec 3, 2023.
             Was the Champion of Qazlal.
             Slain by a sphinx (2 damage)
             ... summoned by Kirke
             ... on level 11 of the Dungeon.
             The game lasted 00:37:07 (12801 turns).

timneilson the Fighter (Gargoyle Fighter)          Turns: 12801, Time: 00:37:08

Health: -1/84      AC:  3    Str: 21    XL:     13   Next: 20%
Magic:  0/18       EV: 16    Int:  9    God:    Qazlal [******]
Gold:   863        SH:  0    Dex: 13    Spells: 12/12 levels left

rFire   . . .        f - melded +0 scimitar
rCold   . . .        G - melded +0 kite shield {reflect}
rNeg    + . .        L - melded +4 plate armour {rC+}
rPois   ∞            h - melded +0 helmet "Gufosm" {Regen+}
rElec   .            T - melded +0 cloak "Jostro Guss" {rF++ rN++ MP+9}
rCorr   .            I - melded +2 pair of gloves "Peocsesh" {Int+4}
SInv    .            y - melded +0 pair of boots
Will    .....        j - amulet of guardian spirit
Stlth   +            R - melded +5 ring of evasion
HPRegen 0.34/turn    E - melded ring "Gomal" {Fly rC+ AC+4}
MPRegen 0.16/turn

%: repel missiles, guardian spirit
@: confused, pig-form (expiring), protected from physical damage, slowed,
studying Invocations, invisible
A: fast, no casting, sickness immunity, AC +9, small, negative energy resistance
1, (electricity resistance), torment resistance 1, petrification resistance
a: Renounce Religion, Upheaval, Elemental Force, Disaster Area


You were on level 11 of the Dungeon.
You worshipped Qazlal.
Qazlal was exalted by your worship.
You were a filthy swine.
You visited 1 branch of the dungeon, and saw 12 of its levels.
You also visited: Sewer, Ossuary, Bailey and Gauntlet.

You collected 863 gold pieces.

Inventory:

Hand Weapons
 a - a +1 long sword
 f - a +0 scimitar (melded)
Missiles
 i - 2 throwing nets
Armour
 h - the +0 helmet "Gufosm" (melded) {Regen+}
   (You acquired it on level 2 of the Dungeon)

   Regen+:    It increases your rate of health regeneration.
 y - a +0 pair of boots (melded)
 C - the -1 cloak of Burr {Will+}
   (You found it on level 7 of the Dungeon)

   Will+:     It increases your willpower.
 G - a +0 kite shield of reflection (melded)
 I - the +2 pair of gloves "Peocsesh" (melded) {Int+4}
   (You found it on level 8 of the Dungeon)

   Int+4:     It affects your intelligence (+4).
 L - a +4 plate armour of cold resistance (melded)
 T - the +0 cloak "Jostro Guss" (melded) {rF++ rN++ MP+9}
   (You found it in a Gauntlet)

   rF++:      It greatly protects you from fire.
   rN++:      It greatly protects you from negative energy.
   MP+9:      It affects your magic capacity (+9).
Jewellery
 j - an amulet of guardian spirit (around neck)
 k - a ring of flight
 E - the ring "Gomal" (melded) {Fly rC+ AC+4}
   (You acquired it on level 6 of the Dungeon)

   [ring of protection]

   AC+4:      It affects your AC (+4).
   rC+:       It protects you from cold.
   Fly:       It grants you flight.
 M - the ring "Neun" {Ice Will- MP+9 Dex+8}
   (You took it off a gnoll sergeant on level 7 of the Dungeon)

   [ring of ice]

   Ice:       It enhances your ice magic.
   Dex+8:     It affects your dexterity (+8).
   rF-:       It makes you vulnerable to fire.
   rC+:       It protects you from cold.
   Will-:     It decreases your willpower.
   MP+9:      It affects your magic capacity (+9).
 R - a +5 ring of evasion (melded)
 U - the ring "Tadotewi" {Ice Will+ rCorr Int+3 Dex-4}
   (You found it in a Gauntlet)

   [ring of ice]

   Ice:       It enhances your ice magic.
   Int+3:     It affects your intelligence (+3).
   Dex-4:     It affects your dexterity (-4).
   rF-:       It makes you vulnerable to fire.
   rC+:       It protects you from cold.
   Will+:     It increases your willpower.
   rCorr:     It protects you from acid and corrosion.
Wands
 c - a wand of charming (29)
 t - a wand of polymorph (13)
 w - a wand of iceblast (10)
 H - a wand of flame (48)
 N - a wand of mindburst (22)
 S - a wand of acid (9)
Scrolls
 b - a scroll of torment
 o - 8 scrolls of teleportation
 p - 3 scrolls of fog
 u - 2 scrolls of enchant armour
 x - a scroll of blinking
 B - 4 scrolls of poison
 D - 4 scrolls of amnesia
 F - a scroll of immolation
 K - 2 scrolls of summoning
 O - a scroll of enchant weapon
 P - 3 scrolls of fear
Potions
 d - a potion of might
 e - 7 potions of curing
 g - 5 potions of mutation
 l - 4 potions of magic
 m - 5 potions of resistance
 n - 2 potions of brilliance
 q - 3 potions of haste
 s - 2 potions of lignification {unknown}
 v - 2 potions of ambrosia {unknown}
 z - a potion of berserk rage {unknown}
 A - a potion of invisibility
 J - a potion of cancellation {unknown}
Miscellaneous
 Q - a lightning rod (4/4)
 V - a sack of spiders


   Skills:
 * Level 11.0 Fighting
 * Level 8.9 Long Blades
 * Level 11.0 Armour
 + Level 5.7 Dodging
 * Level 10.9 Shields
 + Level 7.8 Invocations
 + Level 5.7 Evocations


You had 12 spell levels left.
You didn't know any spells.
Your spell library contained the following spells:

 Spells                   Type           Power      Damage    Failure   Level
 Freeze                   Ice            0%         1d3       38%         1
 Necrotise                Necr           0%         1d4       38%         1
 Shock                    Conj/Air       0%         1d3       38%         1
 Sting                    Tmut/Pois      0%         1d3       38%         1
 Blink                    Tloc           0%         N/A       52%         2
 Lesser Beckoning         Tloc           0%         N/A       52%         2
 Momentum Strike          Conj/Tloc      0%         3d8       52%         2
 Poisonous Vapours        Pois/Air       0%         N/A       52%         2
 Frozen Ramparts          Ice            0%         1d1       77%         3
 Gell's Gravitas          Tloc           0%         N/A       77%         3
 Mephitic Cloud           Conj/Pois/Air  0%         N/A       77%         3
 Ozocubu's Armour         Ice            0%         N/A       77%         3
 Swiftness                Air            0%         N/A       77%         3
 Teleport Other           Tloc           0%         N/A       77%         3
 Vampiric Draining        Necr           0%         2d6       77%         3
 Airstrike                Air            0%         2d(0-16)  99%         4
 Dispel Undead            Necr           0%         3d6       99%         4
 Manifold Assault         Tloc           0%         N/A       99%         4
 Olgreb's Toxic Radiance  Pois           0%         N/A       99%         4
 Petrify                  Tmut/Erth      0%         N/A       99%         4
 Agony                    Necr           0%         N/A       100%        5
 Freezing Cloud           Conj/Ice/Air   0%         6-21      100%        5
 Irradiate                Conj/Tmut      0%         3d11      100%        5
 Metabolic Englaciation   Hex/Ice        0%         N/A       100%        5
 Silence                  Hex/Air        0%         N/A       100%        5
 Conjure Ball Lightning   Conj/Air       0%         3x3d6     100%        6
 Death Channel            Necr           0%         N/A       100%        6
 Dispersal                Tloc           0%         N/A       100%        6
 Discord                  Hex            0%         N/A       100%        8
 Disjunction              Tloc           0%         N/A       100%        8
 Chain Lightning          Conj/Air       0%         N/A       100%        9
 Cigotuvi's Dreadful Rot  Necr/Pois/Air  Unusable   N/A       N/A         2
 Sublimation of Blood     Necr           Unusable   N/A       N/A         2

Dungeon Overview and Level Annotations

Branches:
Dungeon (12/15)            Temple (0/1) D:4            Lair (0/5) D:10
    Orc (0/2) D:11          Sewer (visited)         Ossuary (visited)
 Bailey (visited)         Gauntlet (visited)

Altars:
Ashenzari
Dithmenos
Fedhas
Gozag
Qazlal
Ru
Xom

Shops:
D:11 :

Annotations:
D:10 3 runed translucent doors, javelincjr's ghost, journeyman DsSh
D:11 Kirke


Innate Abilities, Weirdness & Mutations

You are a filthy swine.
You move quickly.
Your equipment is almost entirely melded.
You are incapable of wielding weapons or throwing items.
You cannot cast spells.
You are immune to sickness and miasma.
((Your stone body is resilient. (AC +9)))
You are immune to poison.
You resist negative energy. (rN+)
((You are resistant to electric shocks. (rElec)))
You are resistant to unholy torment.
You are immune to petrification.


Message History

You feel much better.
The sphinx is engulfed in blazing flames.
The sphinx hits you!
* * * LOW HITPOINT WARNING * * *
The sphinx closely misses you. The sphinx completely misses you.
The sphinx is engulfed in blazing flames.
The sphinx mumbles some strange words.
Something smites you!
* * * LOW HITPOINT WARNING * * *
You feel much better.
Your transformation is almost over.
The sphinx misses you. The sphinx hits you.
You feel more protected from physical attacks.
The sphinx hits you!
* * * LOW HITPOINT WARNING * * *
Unknown command.
You feel less confused. The sphinx misses you. The sphinx hits you.
* * * LOW HITPOINT WARNING * * *
The sphinx hits you.
* * * LOW HITPOINT WARNING * * *
The sphinx casts a spell.
You are confused.
Something tries to affect you, but you resist.
The sphinx hits you.
* * * LOW HITPOINT WARNING * * *
You feel more protected from physical attacks.
The sphinx barely misses you. The sphinx hits you but does no damage.
You hear some strange, mumbled words.
You feel a momentary urge to oink.
Unknown command.
It was a potion of invisibility.
You fade into invisibility!
The sphinx is engulfed in freezing vapours.
The sphinx hits you but does no damage. The sphinx hits you!
* * * LOW HITPOINT WARNING * * *
The sphinx closely misses you.
The sphinx is engulfed in freezing vapours.
The sphinx barely misses you. The sphinx hits you.
You die...

..## ##......### ##.##
...###.........##########.##
.....#................##.##
.........................#
........................##
....#...........○.......##
######..........°........# #
##.........☼°H.......#
##.........§.h#.......#####
#.........°..###..........#
##...#.....>☼## ##.......###
##....#......## ##.....##
##...####....## #.....#
....## ##..## ##....## ...##
#.## #.....# ##..######.#
#.....# ##........## #...###


You could see a sphinx (summoned).

Vanquished Creatures
  A minotaur (Gauntlet)
  A hydra (D:8)
  A boulder beetle (D:11)
  3 two-headed ogres (D:8)
  The ghost of monsoonserge the Grappler, a novice TrSh of Wu Jian (D:7)
  4 sixfirhies (Gauntlet)
  An orc knight (Bailey)
  A deep elf pyromancer (Bailey)
  A moth of wrath (Gauntlet)
  3 cyclopes
  A manticore (D:8)
  A gargoyle (D:8)
  A kobold demonologist (D:11)
  A freezing wraith (D:8)
  A komodo dragon (D:10)
  A yaktaur (D:8)
  2 hornets
  A wolf spider simulacrum (Gauntlet)
  3 trolls
  2 centaur simulacra (Gauntlet)
  A shadow (D:8)
  2 hogs (D:11)
  3 wraiths
  6 wyverns
  11 yaks
  A basilisk (D:8)
  3 steam dragons
  Grum (D:7)
  4 vampire mosquitoes (D:9)
  A warg (D:11)
  A harpy simulacrum (Gauntlet)
  An acid dragon (D:10)
  4 water moccasins (D:8)
  21 orc warriors
  A meliai simulacrum (D:12)
  3 ice beasts
  2 sky beasts
  2 black bears
  2 centaurs
  9 wolves
  2 ogres (D:6)
  2 phantoms
  An elf zombie (Ossuary)
  11 kobold brigands
  8 bullfrogs
  5 gnoll sergeants
  3 scorpions
  4 wights (D:7)
  8 killer bees
  8 howler monkeys
  A centaur zombie (Ossuary)
  4 hounds
  4 human zombies (Ossuary)
  10 orc priests
  5 jellies
  A gnoll bouda (D:7)
  A sleepcap (D:6)
  22 orc wizards
  2 mummies (Ossuary)
  Robin (D:4)
  18 gnolls
  6 adders
  2 river rats
  2 shadow imps
  A white imp (D:7)
  2 ufetubi (D:5)
  5 worms
  3 dart slugs
  39 orcs
  4 endoplasms
  3 giant cockroaches
  17 goblins
  9 hobgoblins
  3 jackals
  52 kobolds
  2 quokkas
  14 ball pythons
  A bat (D:1)
  4 frilled lizards
  2 goblin zombies (Ossuary)
  11 hobgoblin zombies (Ossuary)
  A jackal zombie (Ossuary)
  8 kobold zombies (Ossuary)
  6 orc zombies (Ossuary)
  12 rats
  2 rat zombies (Ossuary)
442 creatures vanquished.

Vanquished Creatures (others)
  A sky beast (D:8)
  A boggart (D:8)
  2 orc wizards
4 creatures vanquished.

Grand Total: 446 creatures vanquished

Notes
Turn   | Place    | Note
-------+----------+-------------------------------------------
     0 | D:1      | timneilson the Gargoyle Fighter began the quest for the
                  | Orb.
     0 | D:1      | Reached XP level 1. HP: 14/14 MP: 1/1
   216 | D:1      | Reached XP level 2. HP: 14/19 MP: 2/2
   604 | D:1      | Reached XP level 3. HP: 21/23 MP: 3/3
   832 | D:2      | HP: 1/24 [endoplasm (1)]
   988 | D:2      | Found a stormy altar of Qazlal.
  1120 | D:2      | Became a worshipper of Qazlal Stormbringer
  1151 | D:2      | Identified a scroll of acquirement
  1151 | D:2      | Acquired the +0 helmet "Gufosm" {Regen+}
  1825 | D:3      | Found a blossoming altar of Fedhas.
  1997 | D:3      | Reached XP level 4. HP: 29/29 MP: 4/4
  2336 | D:4      | Found a staircase to the Ecumenical Temple.
  2360 | D:4      | Found a sand-covered staircase.
  2364 | Ossuary  | Entered an ossuary
  2395 | Ossuary  | Reached * piety under Qazlal
  2504 | Ossuary  | Reached XP level 5. HP: 33/33 MP: 5/5
  2551 | Ossuary  | Reached skill level 1 in Dodging
  2551 | Ossuary  | Reached skill level 1 in Invocations
  2583 | Ossuary  | Reached XP level 6. HP: 26/39 MP: 3/6
  2652 | Ossuary  | Reached ** piety under Qazlal
  2911 | D:4      | Noticed Robin
  2961 | D:3      | Reached XP level 7. HP: 44/44 MP: 8/8
  2988 | D:4      | Killed Robin
  3098 | D:4      | Found a sacrificial altar of Ru.
  3101 | D:4      | Found a broken altar of Ashenzari.
  3104 | D:4      | Found a stormy altar of Qazlal.
  3107 | D:4      | Found a shimmering altar of Xom.
  3337 | D:4      | Found a shadowy altar of Dithmenos.
  3389 | D:5      | Entered Level 5 of the Dungeon
  3404 | D:5      | Reached skill level 5 in Fighting
  3406 | D:5      | Reached skill level 5 in Shields
  3411 | D:5      | Reached skill level 5 in Armour
  3588 | D:5      | Reached skill level 1 in Evocations
  3598 | D:5      | Reached *** piety under Qazlal
  3619 | D:5      | Reached XP level 8. HP: 50/50 MP: 6/9
  3922 | D:6      | Noticed a wyvern
  4039 | D:6      | Found a glowing drain.
  4049 | Sewer    | Entered a sewer
  4457 | D:6      | Reached **** piety under Qazlal
  4785 | D:6      | Killed a wyvern
  4932 | D:6      | Reached XP level 9. HP: 54/55 MP: 8/11
  5039 | D:6      | Acquired the ring "Gomal" {Fly rC+ AC+4}
  5072 | D:7      | Noticed monsoonserge's ghost (novice TrSh)
  5283 | D:7      | Noticed a hornet
  5299 | D:7      | Killed a hornet
  5300 | D:7      | Reached skill level 5 in Long Blades
  5414 | D:7      | Noticed Grum
  5441 | D:7      | Identified the +1 buckler of Disimufi {rPois rC+ Will+
                  | Int-3}
  5441 | D:7      | Identified the ring "Neun" {Ice Will- MP+9 Dex+8}
  5447 | D:7      | Found a transporter.
  5456 | D:7      | Found a transporter.
  5572 | D:7      | Identified the -1 cloak of Burr {Will+}
  5906 | D:8      | Noticed a two-headed ogre
  6269 | D:8      | Reached XP level 10. HP: 63/63 MP: 13/13
  6327 | D:8      | Reached ***** piety under Qazlal
  6750 | D:8      | Killed a two-headed ogre
  7338 | D:8      | Noticed a two-headed ogre
  7353 | D:8      | Killed a two-headed ogre
  7367 | D:8      | Reached skill level 5 in Invocations
  7367 | D:8      | Reached XP level 11. HP: 56/69 MP: 8/14
  7388 | D:8      | Noticed a two-headed ogre
  7390 | D:8      | Noticed a four-headed hydra
  7412 | D:8      | Killed a four-headed hydra
  7416 | D:8      | Killed a two-headed ogre
  7618 | D:8      | Noticed a manticore
  7636 | D:8      | Killed a manticore
  7655 | D:8      | Identified the +2 pair of gloves "Peocsesh" {Int+4}
  7952 | D:8      | Reached ****** piety under Qazlal
  8894 | D:10     | Entered Level 10 of the Dungeon
  8942 | D:10     | Found a runed translucent gate.
  8942 | D:10     | Found a runed translucent gate.
  8961 | D:10     | Noticed javelincjr's ghost (journeyman DsSh)
  8961 | D:10     | Noticed a glowing orange brain
  8962 | D:10     | Found a runed translucent gate.
  8962 | D:10     | Found an opulent altar of Gozag.
  9057 | D:10     | Found a flagged portal.
  9062 | Bailey   | Entered a bailey
  9086 | Bailey   | Noticed an orc knight
  9104 | Bailey   | Killed an orc knight
  9105 | Bailey   | Reached XP level 12. HP: 33/77 MP: 5/16
  9149 | Bailey   | Found a large runed translucent door.
  9149 | Bailey   | Found a large runed translucent door.
  9287 | Bailey   | Identified the +3 leather armour "Xuethem" {Harm rPois
                  | rC+++ Int-4}
  9545 | D:7      | Killed monsoonserge's ghost
  9546 | D:7      | Killed Grum
  9547 | D:7      | Reached skill level 5 in Evocations
 10088 | D:10     | Reached skill level 5 in Dodging
 10105 | D:10     | Reached skill level 10 in Fighting
 10111 | D:10     | Reached skill level 10 in Armour
 10177 | D:10     | Found a staircase to the Lair.
 10630 | D:11     | Reached skill level 10 in Shields
 10765 | D:11     | Found a staircase to the Orcish Mines.
 11100 | D:11     | Found Ephyqee's Self-Published Books.
 11298 | D:11     | Noticed a boulder beetle
 11336 | D:11     | Killed a boulder beetle
 12036 | D:12     | Found a gate leading to a gauntlet.
 12047 | Gauntlet | Entered a Gauntlet
 12047 | Gauntlet | Found a transporter.
 12047 | Gauntlet | Found a transporter.
 12047 | Gauntlet | Found a transporter.
 12062 | Gauntlet | Found a transporter.
 12064 | Gauntlet | Found a transporter.
 12074 | Gauntlet | Found a transporter.
 12076 | Gauntlet | Found a transporter.
 12086 | Gauntlet | Found a transporter.
 12181 | Gauntlet | Found a transporter.
 12191 | Gauntlet | Found a transporter.
 12193 | Gauntlet | Found a transporter.
 12203 | Gauntlet | Found a transporter.
 12401 | Gauntlet | Reached XP level 13. HP: 79/83 MP: 16/18
 12428 | Gauntlet | Identified the +0 cloak "Jostro Guss" {rF++ rN++ MP+9}
 12482 | Gauntlet | Identified the ring "Tadotewi" {Ice Will+ rCorr Int+3
                  | Dex-4}
 12545 | Gauntlet | Noticed a minotaur
 12572 | Gauntlet | Killed a minotaur
 12612 | Gauntlet | Got Sif Muna's Excursus on the Tundra and Voltage
 12728 | D:12     | Noticed Kirke
 12777 | D:11     | Noticed a sphinx
 12801 | D:11     | HP: 1/84 [sphinx[Kirke] (8)]
 12801 | D:11     | Slain by a sphinx

Illustrated notes

Levels and vault maps discovered:
D:1:      lightli_arrival_lavapool, layout_loops_cross, minmay_hedge_maze,
          minmay_indecisive_spiral
D:2:      layout_loops_ring, basic_altar, minivault_26,
          kennysheep_generic_room_9
D:3:      layout_loops_ring, overflow_temple_1_default
D:4:      layout_cave_pools, nicolae_dithmenos_the_darkroom,
          grunt_temple_overflow_cloverleaf, minmay_temple_entry_large_hall,
          nicolae_ossuary_entry_false_entrances, uniq_robin
D:5:      layout_cave_pools, minmay_a_box_with_orc_wizards_in_it
D:6:      layout_loops_ring, portal_sewer_entry_b
D:7:      layout_basic, gammafunk_ghost_gnarly_gnolls, chequers_arboretum
D:8:      nzn_winding_woodlands_large [nzn_winding_woodlands_5x5_checkerboard,
          nzn_winding_woodlands_5x15_jagged,
          nzn_winding_woodlands_5x5_perimeter,
          nzn_winding_woodlands_center_pierced_h,
          nzn_winding_woodlands_15x15_killbox,
          nzn_winding_woodlands_center_garden,
          nzn_winding_woodlands_5x5_open_star,
          nzn_winding_woodlands_5x15_pathside_ponds,
          nzn_winding_woodlands_5x5_three], layout_gridville,
          kennysheep_cross_bottleneck
D:9:      layout_basic, small_statue_intersection
D:10:     layout_basic, david_lair_shrubbed, ebering_ghost_gozag, enter_bailey_3
D:11:     layout_layer_cave, david_orc_1_choice, nicolae_custom_books
D:12:     layout_loops_ring, gauntlet_entry_generic,
          ebering_ghost_disaster_area, uniq_kirke

Skill      XL: |  1  2  3  4  5  6  7  8  9 10 11 12 13 |
---------------+----------------------------------------+-----
Long Blades    | 2 3 4 5 6 7 8 |  8.9
Fighting       | 4 5 6 7 8 9 10 11 | 11.0
Armour         | 4 5 6 7 8 9 10 11 | 11.0
Shields        | 4 5 6 7 8 9 10 | 10.9
Dodging        | 1 2 3 4 5 |  5.7
Invocations    | 1 2 3 4 5 7 |  7.8
Evocations     | 1 2 3 4 5 |  5.7

Action                     |  1- 3 |  4- 6 |  7- 9 | 10-12 | 13-15 || total
---------------------------+-------+-------+-------+-------+-------++-------
  Melee: Long sword        |   160 |   273 |   490 |    48 |       ||   971
         Unarmed           |       |       |    17 |       |     1 ||    18
         Scimitar          |       |       |       |   789 |    60 ||   849
  Evoke: Wand              |       |       |       |     5 |       ||     5
    Use: Scroll            |     6 |     3 |     9 |     4 |       ||    22
         Potion            |       |       |     1 |     3 |     5 ||     9
 Armour: Scale mail        |   102 |   152 |       |       |       ||   254
         Chain mail        |       |    33 |   468 |   235 |       ||   736
         Skin              |       |       |     5 |       |    29 ||    34
         Plate armour      |       |       |       |   368 |    65 ||   433
  Dodge: Dodged            |    67 |   115 |   202 |   243 |    63 ||   690
         Repelled          |       |       |       |     3 |       ||     3
  Block: Buckler           |    33 |    93 |   295 |    82 |       ||   503
         Other             |       |       |     1 |       |     4 ||     5
         Kite shield       |       |       |       |  1048 |    98 ||  1146
         Reflection        |       |       |       |    22 |       ||    22

Table legend: (Time is in decaauts)
 A = Elapsed time spent in this place.
 B = Non-inter-level travel time spent in this place.
 C = Inter-level travel time spent in this place.
 D = Time resting spent in this place.
 E = Time spent auto-exploring this place.
 F = Levels seen in this place.
 G = Mean time per level.
                   A        B        C        D        E       F      G
               +--------+--------+--------+--------+--------+-----+--------+
         Total |  13164 |  12089 |   1075 |    184 |   6992 |  16 |  822.8 |
       Dungeon |  11554 |  10479 |   1075 |    184 |   6451 |  12 |  962.8 |
         Sewer |    326 |    326 |      0 |      0 |    181 |   1 |  326.0 |
       Ossuary |    420 |    420 |      0 |      0 |    106 |   1 |  420.0 |
        Bailey |    285 |    285 |      0 |      0 |     85 |   1 |  285.0 |
      Gauntlet |    577 |    577 |      0 |      0 |    169 |   1 |  577.0 |
               +--------+--------+--------+--------+--------+-----+--------+

Top non-repeatable levels by time:
     D:8: 1637 daAuts
     D:7: 1466 daAuts
    D:11: 1314 daAuts
    D:10: 1080 daAuts
     D:9: 1047 daAuts
     D:6: 933 daAuts
     D:2: 867 daAuts
     D:1: 819 daAuts
     D:4: 723 daAuts
     D:3: 710 daAuts
     D:5: 646 daAuts
Gauntlet: 577 daAuts
 Ossuary: 420 daAuts
   Sewer: 326 daAuts
    D:12: 308 daAuts
